 Dungeon Crawl Stone Soup version 0.23.0-3-gf3c87f2 (webtiles) character file.

Game seed: 11973788059050179183

1398 Dazliare the Grappler (level 8, -1/66 HPs)
             Began as a Yellow Draconian Transmuter on Feb 24, 2019.
             Was an Elder of Cheibriados.
             Slain by a gnoll
             ... wielding a +0 halberd
              (13 damage)
             ... on level 6 of the Dungeon.
             The game lasted 00:12:12 (5759 turns).

Dazliare the Grappler (Yellow Draconian Transmuter) Turns: 5759, Time: 00:12:12

Health: -1/66      AC:  2    Str: 22    XL:     8   Next: 41%
Magic:  7/11       EV: 18    Int: 27    God:    Cheibriados [****..]
Gold:   279        SH:  0    Dex: 29    Spells: 1/11 levels left

rFire    . . .     SeeInvis .     - Unarmed
rCold    . . .     Gourm    .   (shield currently unavailable)
rNeg     . . .     Faith    .   (armour unavailable)
rPois    x         Spirit   .   (helmet currently unavailable)
rElec    .         Reflect  .   (cloak currently unavailable)
rCorr    .         Harm     .   (gloves currently unavailable)
MR       .....                  (boots currently unavailable)
Stlth    +++.......             (no amulet)
HPRegen  0.21/turn              q - +3 ring of dexterity
MPRegen  0.12/turn              (no ring)

@: spider-form (expiring), very slightly contaminated, heavily drained, very
slow
A: tiny, (spit acid), unfitting armour, AC +6
a: End Transformation, Bend Time, Temporal Distortion, Slouch, Renounce Religion


You were on level 6 of the Dungeon.
You worshipped Cheibriados.
Cheibriados was greatly pleased with you.
You were hungry.
You were a venomous arachnid creature.
You visited 1 branch of the dungeon, and saw 6 of its levels.

You collected 398 gold pieces.
You spent 119 gold pieces at shops.

Inventory:

Missiles
 a - 33 arrows
 k - 84 stones (quivered)
 n - a throwing net {!f}
Armour
 v - a +0 pair of boots (melded)
Jewellery
 f - an uncursed ring of resist corrosion {unknown}
 o - an uncursed ring of flight {unknown}
 q - a +3 ring of dexterity (left front leg)
Scrolls
 e - a scroll of magic mapping
 g - a scroll of amnesia {unknown}
 j - a scroll of fear {unknown}
 m - 2 scrolls of enchant weapon
 p - a scroll of enchant armour {unknown}
 r - a scroll of immolation {!r}
 w - a scroll of fog {unknown}
 x - a scroll of remove curse {unknown}
Potions
 b - 2 potions of curing {@q1}
 h - a potion of magic
 l - a potion of lignification {!q}
 t - a potion of heal wounds {unknown}
 u - a potion of degeneration {unknown}
 z - a potion of ambrosia {unknown}
Comestibles
 c - 8 rations {@e1}


   Skills:
 - Level 4.1(2.9) Fighting
 - Level 1.7(0.6) Dodging
 + Level 3.4(2.2) Stealth
 * Level 9.4(8.1) Unarmed Combat
 - Level 2.0(0.8) Spellcasting
 - Level 2.0(0.8) Transmutations


You had one spell level left.
You knew the following spells:

 Your Spells              Type           Power        Failure   Level  Hunger
a - Beastly Appendage     Tmut           #.....       21%         1    ##.....
b - Sticks to Snakes      Tmut           #.......     28%         2    ###....
c - Spider Form           Tmut/Pois      #.........   50%         3    ####...
d - Ice Form              Ice/Tmut       #.......     85%         4    #####..

Your spell library contained the following spells:

 Spells                   Type           Power        Failure   Level  Hunger
 Blade Hands              Tmut           #.........   98%         5    ######.


Dungeon Overview and Level Annotations

Branches:
Dungeon (6/15)             Temple (0/1) D:5

Altars:
Cheibriados

Shops:
D:5 ?

Annotations:
D:5 Menkaure


Innate Abilities, Weirdness & Mutations

((You can spit globs of acid.))
((Your golden yellow scales are hard. (AC +6)))
You cannot fit into any form of body armour.
((You are cold-blooded and may be slowed by cold attacks.))


Message History

The gnoll shouts!
You hear a shout!
A gnoll comes into view. It is wielding a +0 halberd.
You close the door.
A gnoll opens the door.
You turn into a venomous arachnid creature.
Your +0 pair of boots melds into your body.
Your transformation is almost over.
You now have 7/11 mp.
Okay, then.
Unknown command.
Unknown command.
You hit the gnoll.
The gnoll is poisoned.
The gnoll hits you but does no damage.
The gnoll shouts!
You bite the gnoll!
You kill the gnoll!
Cheibriados thoroughly appreciates the change of pace.
The gnoll completely misses you. The gnoll misses you.
The gnoll hits you with a +0 halberd!
You die...

+. #+# ..
#.# .. #.#
###.# ...#
g.#
##########g#
..g......#s#
g....g...'.#
.........#+#
##########


You could see 3 gnolls.

Vanquished Creatures
  2 ice beasts (D:5)
  2 phantoms
  An ogre (D:4)
  Blork the orc (D:5)
  A scorpion (D:4)
  A wight (D:6)
  A vampire bat (D:4)
  2 crimson imps
  3 hounds
  3 bullfrog skeletons
  An orc priest (D:3)
  6 orc wizards
  A centaur skeleton (D:6)
  Terence (D:3)
  Jessica (D:3)
  5 gnolls
  A howler monkey skeleton (D:6)
  5 adders
  4 oozes
  2 worms
  2 dart slugs (D:1)
  2 leopard geckos
  13 orcs
  15 bats
  6 giant cockroaches
  9 hobgoblins
  11 jackals
  7 kobolds
  2 quokkas (D:5)
  2 ball pythons
  8 frilled lizards
  7 goblins
  A quokka skeleton (D:6)
  8 rats (D:1)
137 creatures vanquished.

Notes
Turn   | Place    | Note
-------+----------+-------------------------------------------
     0 | D:1      | Dazliare the Draconian Transmuter began the quest for the
                  | Orb.
     0 | D:1      | Reached XP level 1. HP: 16/16 MP: 3/3
   374 | D:1      | Reached XP level 2. HP: 6/24 MP: 3/5
   597 | D:1      | Learned a level 2 spell: Sticks to Snakes
  1050 | D:1      | Reached XP level 3. HP: 30/30 MP: 6/6
  1055 | D:1      | Learned a level 3 spell: Spider Form
  1542 | D:2      | Found a faded altar of an unknown god.
  1688 | D:2      | Became a worshipper of Cheibriados the Contemplative
  1688 | D:2      | Reached * piety under Cheibriados
  1893 | D:2      | Reached XP level 4. HP: 28/38 MP: 5/7
  2188 | D:3      | Noticed Jessica
  2205 | D:3      | Killed Jessica
  2215 | D:3      | Reached skill level 4 in Unarmed Combat
  2384 | D:3      | Reached ** piety under Cheibriados
  2384 | D:3      | Reached XP level 5. HP: 39/46 MP: 4/8
  2560 | D:3      | Reached skill level 5 in Unarmed Combat
  3016 | D:3      | Noticed Terence
  3033 | D:3      | Killed Terence
  3033 | D:3      | Reached XP level 6. HP: 37/52 MP: 6/9
  3256 | D:4      | Reached skill level 6 in Unarmed Combat
  3499 | D:4      | Reached *** piety under Cheibriados
  3506 | D:4      | Reached skill level 7 in Unarmed Combat
  3506 | D:4      | Your scales start taking on a golden yellow colour.
  3506 | D:4      | Reached XP level 7. HP: 38/59 MP: 6/10
  4224 | D:5      | Entered Level 5 of the Dungeon
  4295 | D:5      | Found Jowkyo's Magic Scroll Shoppe.
  4334 | D:5      | Reached skill level 1 in Stealth
  4334 | D:5      | Reached skill level 8 in Unarmed Combat
  4453 | D:5      | Bought a scroll of magic mapping for 49 gold pieces
  4453 | D:5      | Bought a scroll of teleportation for 42 gold pieces
  4453 | D:5      | Bought a scroll of identify for 28 gold pieces
  4485 | D:5      | Noticed Blork the orc
  4558 | D:5      | Learned a level 4 spell: Ice Form
  4592 | D:5      | Reached XP level 8. HP: 51/66 MP: 11/11
  4600 | D:5      | Killed Blork the orc
  4820 | D:5      | Reached **** piety under Cheibriados
  4906 | D:5      | Found a staircase to the Ecumenical Temple.
  4970 | D:5      | Noticed Menkaure
  5005 | D:5      | Reached skill level 9 in Unarmed Combat
  5759 | D:6      | Slain by a gnoll

Skill      XL: |  1  2  3  4  5  6  7  8 |
---------------+-------------------------+-----
Fighting       | 2 3 4 |  4.1
Unarmed Combat | 4 5 7 8 9 |  9.4
Stealth        | 2 3 |  3.4
Dodging        | |  1.7
Spellcasting   | |  2.0
Transmutations | |  2.0

Action                   |  1- 3 |  4- 6 |  7- 9 || total
-------------------------+-------+-------+-------++-------
Melee: Unarmed           |   125 |   146 |   152 ||   423
       Headbutt          |     4 |       |       ||     4
       Kick              |     2 |       |       ||     2
       Tailslap          |     8 |    11 |    21 ||    40
       Punch             |     3 |       |     8 ||    11
 Cast: Beastly Appendage |     8 |       |       ||     8
       Spider Form       |     3 |    10 |     5 ||    18
 Abil: Breathe Acid      |       |       |     8 ||     8
  Use: Scroll            |       |     1 |     8 ||     9
       Potion            |       |       |     1 ||     1
 Stab: Sleeping          |       |     1 |     2 ||     3
       Distracted        |       |       |     2 ||     2
  Eat: Chunk             |     3 |     4 |     5 ||    12
Armor: Skin              |    39 |    41 |    55 ||   135
Dodge: Dodged            |    93 |   139 |   128 ||   360
